 Dungeon Crawl Stone Soup version 0.29.1 (webtiles) character file.

Game seed: 436902429894012359

4274 qw the Cleaver (level 10, -1/88 HPs)
             Began as a Minotaur Berserker on Sept 13, 2022.
             Was a Priest of Trog.
             Engulfed by a cloud of flame (7 damage)
             ... on level 7 of the Dungeon.
             The game lasted 00:02:57 (8520 turns).

qw the Cleaver (Minotaur Berserker)                 Turns: 8520, Time: 00:02:57

Health: -1/88      AC: 14    Str: 26    XL:     10   Next: 10%
Magic:  9/9        EV:  6    Int:  4    God:    Trog [***...]
Gold:   119        SH:  9    Dex: 10    Spells: 9/9 levels left

rFire   + . .      SeeInvis .   Y - +0 war axe
rCold   . . .      Faith    .   b - +0 kite shield
rNeg    + . .      Spirit   .   k - +0 plate armour
rPois   .          Reflect  .   (helmet restricted)
rElec   .          Harm     .   (no cloak)
rCorr   .          Rampage  .   i - +0 pair of gloves
Will    .....                   (no boots)
Stlth   ..........              (no amulet)
HPRegen 0.24/turn               n - ring of positive energy
MPRegen 0.11/turn               c - ring of protection from fire

@: no status effects
A: horns 2, retaliatory headbutt
a: Renounce Religion, Berserk, Trog's Hand


You were on level 7 of the Dungeon.
You worshipped Trog.
Trog was most pleased with you.
You visited 1 branch of the dungeon, and saw 7 of its levels.

You collected 398 gold pieces.
You spent 279 gold pieces at shops.


Innate Abilities, Weirdness & Mutations

You have a pair of horns on your head.
You reflexively headbutt those who attack you in melee.


   Skills:
 - Level 8.0 Fighting
 - Level 13.9 Axes
 - Level 6.1 Armour
 - Level 3.2 Dodging
 + Level 5.4 Shields


You had 9 spell levels left.
You didn't know any spells.
Your spell library was empty.

Inventory:

Hand Weapons
 s - a +0 morningstar
 Y - a +0 war axe (weapon)
Armour
 b - a +0 kite shield (worn)
 i - a +0 pair of gloves (worn)
 k - a +0 plate armour (worn)
Jewellery
 c - a ring of protection from fire (right hand)
 n - a ring of positive energy (left hand)
Scrolls
 a - 2 scrolls of identify
 d - a scroll of teleportation
Potions
 e - a potion of might {unknown}
 f - 2 potions of resistance
 g - 8 potions of haste
 h - a potion of invisibility {unknown}
 j - a potion of cancellation
 l - a potion of curing
 u - a potion of heal wounds

Dungeon Overview and Level Annotations

Branches:
Dungeon (7/15)             Temple (0/1) D:6

Altars:
Cheibriados
Elyvilon
Makhleb
Okawaru
Qazlal
Trog
Uskayaw
Xom

Shops:
D:5 !(**:   D:6 *

Annotations:
D:4 4 runed translucent doors


Message History

You slash the acid dragon!
You kill the acid dragon!
Trog accepts your kill.
The acid dragon scales are intact enough to wear.
You start resting.
You're standing in a cloud of flame!
You're standing in a cloud of flame!
You are engulfed in blazing flames.
You resist.
You're standing in a cloud of flame!
You are engulfed in blazing flames.
You resist.
You're standing in a cloud of flame!
You are engulfed in blazing flames.
You resist.
You're standing in a cloud of flame!
You are engulfed in blazing flames.
You resist.
You're standing in a cloud of flame!
You are engulfed in blazing flames.
You resist.
You start resting.
You are no longer corroded.
You're standing in a cloud of flame!
You're standing in a cloud of flame!
You are engulfed in blazing flames.
You resist.
You're standing in a cloud of flame!
You are engulfed in blazing flames.
You resist.
You start resting.
You're standing in a cloud of flame!
You're standing in a cloud of flame!
You are engulfed in blazing flames.
You resist.
You start resting.
You're standing in a cloud of flame!
You're standing in a cloud of flame!
You are engulfed in blazing flames.
You resist.
You start resting.
You're standing in a cloud of flame!
You're standing in a cloud of flame!
You are engulfed in blazing flames.
You resist.
You're standing in a cloud of flame!
You are engulfed in blazing flames.
You resist.
You're standing in a cloud of flame!
You are engulfed in blazing flames.
You resist.
You die...

##. #.D .. .. ### ###
#.######.######.#
###.#.............#
#...#@####.#####..#
#...[.0000...###..#
#..####0####......####
## #¤# #.###.###..
##.## #.###.###.#
######.........#
#8#¤¤¤.###.#####
######.###.## # #.#
#......#


There were no monsters in sight!

Vanquished Creatures
  A cyclops (D:7)
  A troll (D:7)
  Grinder (D:3)
  A hornet (D:6)
  Sigmund (D:3)
  An acid dragon (D:7)
  Duvessa (D:5)
  6 water moccasins
  A sky beast (D:6)
  2 ice beasts
  An orc warrior (D:6)
  2 ogres (D:4)
  A centaur (D:7)
  2 kobold brigands
  A phantom (D:5)
  3 gnoll sergeants
  2 scorpions
  4 wights (D:7)
  Dowan (D:5)
  2 howler monkeys (D:7)
  3 orc priests
  5 hounds
  8 orc wizards
  4 iguanas (D:4)
  Robin (D:3)
  11 gnolls
  A river rat (D:4)
  10 adders
  A shadow imp (D:6)
  A white imp (D:6)
  3 worms
  14 orcs
  7 bats
  12 endoplasms
  5 giant cockroaches
  13 goblins
  14 hobgoblins
  4 jackals (D:4)
  2 quokkas
  8 ball pythons
  3 frilled lizards
  6 kobolds
  5 rats
176 creatures vanquished.

Notes
Turn   | Place    | Note
-------+----------+-------------------------------------------
     0 | D:1      | qw the Minotaur Berserker began the quest for the Orb.
     0 | D:1      | Reached XP level 1. HP: 19/19 MP: 0/0
     0 | D:1      | 0 ||| qw: Version: 0.1-a-119-g272c26d
     0 | D:1      | 0 ||| qw: Game counter: 11275
     0 | D:1      | 0 ||| qw: Always use a shield: true
     0 | D:1      | 0 ||| qw: Do Orc after D:15 true
     0 | D:1      | 0 ||| qw: Do second Lair branch before Depths: true
     0 | D:1      | 0 ||| qw: Lair rune preference: random
     0 | D:1      | 0 ||| qw: Plans: Normal
     0 | D:1      | 0 ||| PLANNING D:1-11
   113 | D:1      | 113 ||| Stepping ~*~*~tactically~*~*~ (stealth).
   120 | D:1      | 120 ||| Stepping ~*~*~tactically~*~*~ (stealth).
   133 | D:1      | 133 ||| Stepping ~*~*~tactically~*~*~ (stealth).
   188 | D:1      | Reached skill level 4 in Axes
   251 | D:1      | 251 ||| DROPPING +0 club.
   487 | D:1      | Reached XP level 2. HP: 22/26 MP: 1/1
  1506 | D:1      | 1506 ||| UPGRADING to +0 scale mail.
  1516 | D:1      | 1516 ||| DROPPING +0 animal skin.
  1517 | D:1      | 1517 ||| UPGRADING to +0 pair of gloves.
  1522 | D:1      | 1522 ||| READING 3 scrolls labelled SUIRIE NOYNA.
  1523 | D:1      | 1523 ||| READING scroll labelled YPOPOKK HOME.
  1524 | D:1      | 1524 ||| READING 2 scrolls of identify.
  1524 | D:1      | 1524 ||| IDENTIFYING pink potion
  1574 | D:2      | Reached ** piety under Trog
  1604 | D:2      | Reached skill level 5 in Axes
  1684 | D:2      | Reached XP level 3. HP: 29/31 MP: 2/2
  1686 | D:2      | 1686 ||| INVOKING Berserk.
  1880 | D:2      | 1880 ||| Stepping ~*~*~tactically~*~*~ (stealth).
  1907 | D:2      | 1907 ||| Stepping ~*~*~tactically~*~*~ (stealth).
  1908 | D:2      | 1908 ||| Stepping ~*~*~tactically~*~*~ (stealth).
  1910 | D:2      | 1910 ||| Stepping ~*~*~tactically~*~*~ (hiding).
  1913 | D:2      | 1913 ||| INVOKING Berserk.
  1918 | D:2      | Reached skill level 6 in Axes
  1918 | D:2      | Reached XP level 4. HP: 39/39 MP: 3/3
  1927 | D:2      | HP: 9/39 [poisoned by a gnoll]
  2153 | D:2      | 2153 ||| DROPPING +0 whip.
  2156 | D:2      | 2156 ||| DROPPING +0 flail.
  2482 | D:2      | Found a faded altar of an unknown god.
  2648 | D:2      | 2648 ||| DROPPING orb of wrath.
  2649 | D:2      | 2649 ||| READING scroll labelled UMOSIO CUEFOR.
  2669 | D:3      | Found a hide-covered altar of Uskayaw.
  2820 | D:3      | Noticed Sigmund
  2826 | D:3      | 2826 ||| INVOKING Berserk.
  2835 | D:3      | Killed Sigmund
  2836 | D:3      | Reached skill level 8 in Axes
  2836 | D:3      | Reached XP level 5. HP: 28/45 MP: 4/4
  2836 | D:3      | Reached XP level 6. HP: 31/51 MP: 5/5
  3149 | D:3      | Noticed Grinder
  3153 | D:3      | 3153 ||| Stepping ~*~*~tactically~*~*~ (hiding).
  3154 | D:3      | 3154 ||| INVOKING Trog's Hand.
  3156 | D:3      | 3156 ||| Stepping ~*~*~tactically~*~*~ (hiding).
  3162 | D:3      | 3162 ||| INVOKING Berserk.
  3173 | D:3      | 3173 ||| INVOKING Trog's Hand.
  3175 | D:3      | 3175 ||| Stepping ~*~*~tactically~*~*~ (hiding).
  3185 | D:3      | 3185 ||| Stepping ~*~*~tactically~*~*~ (hiding).
  3187 | D:3      | 3187 ||| INVOKING Trog's Hand.
  3188 | D:3      | Killed Grinder
  3306 | D:3      | Found a snail-covered altar of Cheibriados.
  3402 | D:3      | Found a bloodstained altar of Trog.
  3547 | D:3      | Noticed Robin
  3548 | D:3      | 3548 ||| Stepping ~*~*~tactically~*~*~ (hiding).
  3552 | D:3      | 3552 ||| INVOKING Berserk.
  3554 | D:3      | Killed Robin
  3555 | D:3      | Reached XP level 7. HP: 62/62 MP: 6/6
  3791 | D:3      | 3791 ||| READING scroll labelled JIR XOHESTRYE.
  3892 | D:3      | 3892 ||| READING scroll labelled ISHIRU UNUOS.
  3895 | D:3      | 3895 ||| DRINKING 2 sedimented yellow potions.
  3896 | D:3      | 3896 ||| DRINKING 2 fizzy green potions.
  3897 | D:3      | 3897 ||| DROPPING potion of degeneration.
  3939 | D:4      | 3939 ||| PLANNING SEWER
  3967 | D:4      | Identified the +2 leather armour of Weightlessness {rPois
                  | Regen+ Int+3 Stlth-}
  3982 | D:4      | 3982 ||| Stepping ~*~*~tactically~*~*~ (stealth).
  3988 | D:4      | Found a stormy altar of Qazlal.
  4239 | D:4      | 4239 ||| Stepping ~*~*~tactically~*~*~ (stealth).
  4258 | D:4      | Reached skill level 9 in Axes
  4298 | D:4      | Reached *** piety under Trog
  4436 | D:4      | 4436 ||| FLEEEEING.
  4570 | D:4      | Found a large runed translucent door.
  4571 | D:4      | Found a large runed translucent door.
  4575 | D:4      | Found a large runed translucent door.
  4575 | D:4      | Found a large runed translucent door.
  4577 | D:4      | Noticed a yak
  4591 | D:4      | 4591 ||| INVOKING Berserk.
  4595 | D:4      | Reached skill level 10 in Axes
  4656 | D:4      | 4656 ||| RIP SEWER
  4694 | D:4      | 4694 ||| PLANNING D:1-11
  4694 | D:4      | 4694 ||| Stepping ~*~*~tactically~*~*~ (stealth).
  4708 | D:4      | Reached skill level 6 in Fighting
  4838 | D:4      | 4838 ||| INVOKING Berserk.
  4844 | D:4      | Reached XP level 8. HP: 70/70 MP: 7/7
  5033 | D:4      | Found a shimmering altar of Xom.
  5036 | D:4      | Found a burning altar of Makhleb.
  5036 | D:4      | Found a bloodstained altar of Trog.
  5038 | D:4      | Found an iron altar of Okawaru.
  5038 | D:4      | Found a white marble altar of Elyvilon.
  5038 | D:4      | Found a burning altar of Makhleb.
  5121 | D:4      | Reached skill level 11 in Axes
  5127 | D:4      | Reached skill level 3 in Armour
  5211 | D:4      | Found a burning altar of Makhleb.
  5340 | D:4      | 5340 ||| UPGRADING to +2 leather armour of Weightlessness
                  | {rPois Regen+ Int+3 Stlth-}.
  5350 | D:4      | 5350 ||| UPGRADING to ring of positive energy.
  5351 | D:4      | 5351 ||| READING scroll labelled ZIMMUU DARPHIYGG.
  5352 | D:4      | 5352 ||| READING scroll labelled LERUVO CEACRUS.
  5353 | D:4      | 5353 ||| DRINKING 2 green potions.
  5354 | D:4      | 5354 ||| DROPPING potion of flight.
  5378 | D:5      | Entered Level 5 of the Dungeon
  5388 | D:5      | 5388 ||| Stepping ~*~*~tactically~*~*~ (hiding).
  5395 | D:5      | 5395 ||| Stepping ~*~*~tactically~*~*~ (stealth).
  5431 | D:5      | 5431 ||| Stepping ~*~*~tactically~*~*~ (hiding).
  5510 | D:5      | 5510 ||| Stepping ~*~*~tactically~*~*~ (hiding).
  5526 | D:5      | Reached skill level 12 in Axes
  5532 | D:5      | Reached skill level 3 in Dodging
  5533 | D:5      | Noticed Duvessa
  5534 | D:5      | 5534 ||| FLEEEEING.
  5535 | D:5      | 5535 ||| FLEEEEING.
  5536 | D:5      | 5536 ||| INVOKING Berserk.
  5540 | D:5      | Killed Duvessa
  5544 | D:5      | 5544 ||| STAIRDANCE
  5680 | D:4      | 5680 ||| READING 2 scrolls of identify.
  5680 | D:4      | 5680 ||| IDENTIFYING bubbling black potion
  5681 | D:4      | 5681 ||| DROPPING potion of brilliance.
  5733 | D:5      | Found a white marble altar of Elyvilon.
  5789 | D:5      | Noticed Dowan
  5790 | D:5      | 5790 ||| Stepping ~*~*~tactically~*~*~ (hiding).
  5791 | D:5      | 5791 ||| SWAPPING to +0 war axe.
  5794 | D:5      | 5794 ||| INVOKING Berserk.
  5800 | D:5      | Killed Dowan
  5906 | D:5      | 5906 ||| Stepping ~*~*~tactically~*~*~ (stealth).
  5907 | D:5      | 5907 ||| DROPPING +0 vorpal hand axe.
  5909 | D:5      | 5909 ||| Stepping ~*~*~tactically~*~*~ (stealth).
  5911 | D:5      | 5911 ||| Stepping ~*~*~tactically~*~*~ (stealth).
  5913 | D:5      | 5913 ||| Stepping ~*~*~tactically~*~*~ (hiding).
  5921 | D:5      | 5921 ||| INVOKING Berserk.
  6056 | D:5      | Found Bofah's Antique Weapon Boutique.
  6058 | D:5      | Found Cuuw's Book Shop.
  6096 | D:5      | 6096 ||| BUYING glowing mace (120 gold).
  6096 | D:5      | Bought a glowing mace for 120 gold pieces
  6096 | D:5      | 6096 ||| DROPPING +0 mace of protection.
  6162 | D:5      | Found Iplositi's Assorted Antiques.
  6166 | D:5      | Found Axkosi's Distillery.
  6171 | D:5      | 6171 ||| BUYING morningstar (108 gold).
  6171 | D:5      | Bought a morningstar for 108 gold pieces
  6171 | D:5      | 6171 ||| BUYING scroll labelled PEMNIT QAACONN (27 gold).
  6171 | D:5      | Bought a scroll labelled PEMNIT QAACONN for 27 gold pieces
  6171 | D:5      | 6171 ||| BUYING smoky emerald potion (24 gold).
  6171 | D:5      | Bought a smoky emerald potion for 24 gold pieces
  6171 | D:5      | 6171 ||| SHOPLISTING translucent war axe (229 gold, have
                  | 17).
  6171 | D:5      | 6171 ||| DROPPING +2 vorpal flail.
  6173 | D:5      | Found Ratamy's Assorted Antiques.
  6177 | D:5      | 6177 ||| SHOPLISTING potion of cancellation (112 gold, have
                  | 17).
  6177 | D:5      | 6177 ||| SHOPLISTING potion of haste (140 gold, have 17).
  6177 | D:5      | 6177 ||| SHOPLISTING potion of might (56 gold, have 17).
  6182 | D:5      | 6182 ||| SHOPLISTING scroll labelled AGYL UCESO (23 gold,
                  | have 17).
  6182 | D:5      | 6182 ||| SHOPLISTING scroll of identify (46 gold, have 17).
  6348 | D:5      | 6348 ||| DROPPING scarf of harm.
  6349 | D:5      | 6349 ||| UPGRADING to ring of protection from fire.
  6350 | D:5      | 6350 ||| READING scroll labelled PUZEOL FUBAC.
  6351 | D:5      | 6351 ||| READING scroll labelled TICRUINAE.
  6352 | D:5      | 6352 ||| READING scroll labelled ZEMOILL CESIEN.
  6353 | D:5      | 6353 ||| READING scroll labelled NOPPERHE VYOPN.
  6354 | D:5      | 6354 ||| READING scroll labelled PEMNIT QAACONN.
  6355 | D:5      | 6355 ||| DRINKING 2 bubbling pink potions.
  6378 | D:5      | 6378 ||| READING 3 scrolls of identify.
  6378 | D:5      | 6378 ||| IDENTIFYING purple potion
  6379 | D:5      | 6379 ||| READING 2 scrolls of identify.
  6379 | D:5      | 6379 ||| IDENTIFYING fuming dark potion
  6380 | D:5      | 6380 ||| DROPPING potion of lignification.
  6381 | D:5      | 6381 ||| DROPPING potion of attraction.
  6510 | D:6      | Reached XP level 9. HP: 79/79 MP: 8/8
  6584 | D:6      | 6584 ||| Stepping ~*~*~tactically~*~*~ (hiding).
  6612 | D:6      | 6612 ||| INVOKING Berserk.
  6617 | D:6      | Reached skill level 13 in Axes
  6659 | D:6      | 6659 ||| Stepping ~*~*~tactically~*~*~ (stealth).
  6666 | D:6      | 6666 ||| Stepping ~*~*~tactically~*~*~ (hiding).
  6671 | D:6      | 6671 ||| Stepping ~*~*~tactically~*~*~ (hiding).
  6674 | D:6      | 6674 ||| Stepping ~*~*~tactically~*~*~ (hiding).
  6898 | D:6      | Found Owoluni's Serpentskin Sales.
  7174 | D:6      | Found a staircase to the Ecumenical Temple.
  7264 | D:6      | 7264 ||| DROPPING +0 scale mail.
  7265 | D:6      | 7265 ||| UPGRADING to +0 plate armour.
  7275 | D:6      | 7275 ||| DROPPING +2 leather armour of Weightlessness
                  | {rPois Regen+ Int+3 Stlth-}.
  7276 | D:6      | 7276 ||| READING scroll labelled AGYL UCESO.
  7277 | D:6      | 7277 ||| READING scroll of teleportation.
  7386 | D:7      | 7386 ||| STAIRDANCE
  7616 | D:7      | 7616 ||| Stepping ~*~*~tactically~*~*~ (hiding).
  7620 | D:7      | 7620 ||| Stepping ~*~*~tactically~*~*~ (hiding).
  7625 | D:7      | 7625 ||| Stepping ~*~*~tactically~*~*~ (stealth).
  7665 | D:7      | 7665 ||| DRINKING 2 smoky emerald potions.
  7666 | D:7      | 7666 ||| Stepping randomly (stuck).
  7670 | D:7      | 7670 ||| Stepping ~*~*~tactically~*~*~ (hiding).
  7814 | D:7      | Reached skill level 6 in Armour
  7843 | D:7      | 7843 ||| FLEEEEING.
  7849 | D:7      | 7849 ||| Stepping ~*~*~tactically~*~*~ (hiding).
  7850 | D:7      | 7850 ||| Stepping ~*~*~tactically~*~*~ (hiding).
  7856 | D:7      | Noticed a cyclops
  7857 | D:7      | 7857 ||| FLEEEEING.
  7874 | D:7      | 7874 ||| FLEEEEING.
  7889 | D:7      | 7889 ||| FLEEEEING.
  7890 | D:7      | 7890 ||| FLEEEEING.
  7904 | D:7      | 7904 ||| FLEEEEING.
  7905 | D:7      | 7905 ||| STAIRDANCE
  8023 | D:6      | 8023 ||| UPGRADING to +0 kite shield.
  8057 | D:7      | Noticed a troll
  8062 | D:7      | 8062 ||| INVOKING Berserk.
  8070 | D:7      | Killed a troll
  8078 | D:7      | Killed a cyclops
  8079 | D:7      | Reached XP level 10. HP: 54/88 MP: 9/9
  8225 | D:7      | 8225 ||| Stepping ~*~*~tactically~*~*~ (stealth).
  8254 | D:7      | 8254 ||| Stepping ~*~*~tactically~*~*~ (stealth).
  8428 | D:7      | 8428 ||| Stepping ~*~*~tactically~*~*~ (hiding).
  8482 | D:7      | HP: 22/88 [something (10)]
  8493 | D:7      | HP: 17/88 [something (4)]
  8518 | D:7      | HP: 17/88 [something (6)]
  8519 | D:7      | HP: 6/88 [something (11)]
  8520 | D:7      | Engulfed by a cloud of flame

Levels and vault maps discovered:
D:1:      dpeg_arrival_subterranean_lakeside_camping, layout_basic,
          chequers_serial_rivers_room_b, minmay_misc_feat_diagonals
D:2:      layout_basic, chequers_ecumenical_altar_grove, minmay_tetromino_i4
D:3:      layout_loops_cross, lemuel_coloured_pillars_altar, slow_altar_2,
          mainiacjoe_overflow_tiny_flanked, uniq_robin, uniq_grinder,
          uniq_sigmund
D:4:      layout_gridville, mainiacjoe_overflow_alcove_2, amcnicky_altar_gilded,
          doesnt_xom_only_xom, gup_sewer_entry_bowl, grunt_ministairs_8,
          minmay_hollow_rounded_squares
D:5:      kennysheep_big_flooded_room, layout_basic, lemuel_doored_altar,
          serial_shops, shop, nicolae_shop_waterfront, shop,
          nicolae_shop_window_shopping, nicolae_shop_trees, uniq_duvessa
D:6:      layout_rooms, temple_hall, grunt_decor_clamped, kennysheep_nub,
          guppyfry_shop_venom
D:7:      layout_loops_ring, reono_crystal_passage, nrook_pool_corridor,
          lemuel_flamethrower_2

Skill      XL: |  1  2  3  4  5  6  7  8  9 10 |
---------------+-------------------------------+-----
Axes           | 4 5 6 8 10 12 13 | 13.9
Fighting       | 5 6 7 8 |  8.0
Armour         | 3 6 |  6.1
Dodging        | 3 |  3.2
Shields        | 4 5 |  5.4

Action                   |  1- 3 |  4- 6 |  7- 9 | 10-12 || total
-------------------------+-------+-------+-------+-------++-------
Melee: Hand axe          |    74 |    72 |   166 |       ||   312
       Headbutt          |    10 |     8 |    52 |     2 ||    72
       Punch             |     1 |     1 |     3 |       ||     5
       War axe           |       |       |   151 |    12 ||   163
Invok: Berserk           |     2 |     3 |     7 |       ||    12
       Trog's Hand       |       |     3 |       |       ||     3
  Use: Scroll            |     3 |     1 |    14 |       ||    18
       Potion            |       |       |     5 |       ||     5
Armor: Animal skin       |     5 |       |       |       ||     5
       Scale mail        |    13 |    14 |    35 |       ||    62
       Leather armour    |       |       |    30 |       ||    30
       Plate armour      |       |       |    31 |     2 ||    33
Dodge: Dodged            |    29 |    20 |   121 |     3 ||   173
Block: Kite shield       |       |       |     5 |     3 ||     8

Table legend:
 A = Non-vault XP
 B = Vault XP
 C = Vault XP percentage of total XP
 D = Non-vault monster count
 E = Vault monster count
 F = Vault count percentage of total count
                 A         B        C        D         E       F
            +---------+---------+-------+---------+---------+-------
      Total |    4306 |    1801 |  29.5 |     128 |      48 |  27.3
            +---------+---------+-------+---------+---------+-------
        D:1 |      23 |       8 |  25.8 |      15 |       6 |  28.6
        D:2 |     120 |      16 |  11.8 |      19 |       3 |  13.6
        D:3 |      41 |     554 |  93.1 |      15 |      15 |  50.0
        D:4 |     447 |     512 |  53.4 |      24 |      16 |  40.0
        D:5 |     512 |     396 |  43.6 |      17 |       4 |  19.0
        D:6 |    1103 |     315 |  22.2 |      15 |       4 |  21.1
        D:7 |    2060 |       0 |   0.0 |      23 |       0 |   0.0
            +---------+---------+-------+---------+---------+-------
